 Dungeon Crawl Stone Soup version 0.24.1-4-ge52af88ad5 (webtiles) character file.

Game seed: 5088639152364327748, levelgen mode: deterministic

739487 Peloso the Minotaur Barricade (level 27, -8/273 HPs)
             Began as a Minotaur Fighter on Apr 20, 2020.
             Was a High Priest of Okawaru.
             Killed from afar by Gousoum the pandemonium lord (24 damage)
             ... with a bolt of negative energy
             ... on level 16 of a ziggurat on Apr 21, 2020.
             The game lasted 05:51:48 (99164 turns).

Peloso the Minotaur Barricade (Minotaur Fighter)   Turns: 99164, Time: 05:51:48

Health: -8/273     AC: 51    Str: 28    XL:     27
Magic:  28/28      EV: 16    Int:  7    God:    Okawaru [*****.]
Gold:   3322       SH: 34    Dex: 17    Spells: 29/29 levels left

rFire    + . .     SeeInvis +   a - +8 scimitar "Loopy" {elec, MR+++ Str+2}
rCold    + + .     Gourm    .   g - +4 large shield {rN+}
rNeg     + . .     Faith    .   T - +8 orange crystal plate armour {Archmagi, Int+3 Clar}
rPois    +         Spirit   .   W - +2 hat {MR+}
rElec    +         Reflect  +   U - scarf {cloud immunity}
rCorr    +         Harm     .   m - +3 pair of gauntlets of War {Slay+5}
MR       +++++     Clarity  +   K - +2 pair of boots of Gravity {rC+ Regen+ Int-5}
Stlth    ..........             L - amulet "Fadiejyt" {Reflect Int+3 Dex+2 SH+3}
HPRegen  0.95/turn              n - ring of the Octopus King {AC+1 EV+1 Str+1 Int+1 Dex+1 SInv}
MPRegen  0.21/turn              G - ring "Lagauj" {rCorr Dex+3 SInv}

@: resistant, heroism, sap magic, very slightly contaminated, hasted, lightly
drained, very quick
A: retaliatory headbutt, horns 2, [clumsy 2], [low mp 2], weak 2
}: 4/15 runes: serpentine, barnacled, slimy, silver
a: Heroism, Finesse, Renounce Religion


You were on level 16 of a ziggurat.
You worshipped Okawaru.
Okawaru was extremely pleased with you.
You were full.

You visited 13 branches of the dungeon, and saw 56 of its levels.
You visited 2 bazaars.
You visited 1 ziggurat, and saw 16 of its levels.
You also visited: Sewer, Bailey and Ice Cave.

You collected 8958 gold pieces.
You spent 5636 gold pieces at shops.

Inventory:

Hand Weapons
 a - the +8 scimitar "Loopy" (weapon) {elec, MR+++ Str+2}
   (Okawaru gifted it to you on level 3 of the Snake Pit)

   Occasionally, upon striking a foe, it will discharge some electrical energy
   and cause terrible harm.
   It affects your strength (+2).
   It affects your resistance to hostile enchantments.
 b - a +9 double sword of holy wrath
Armour
 g - a +4 large shield of positive energy (worn)
 m - the +3 pair of gauntlets of War (worn) {Slay+5}
   (You found it on level 2 of the Depths)

   It affects your accuracy and damage with ranged weapons and melee attacks
   (+5).
 B - a +0 pair of boots of running
 E - +1 swamp dragon scales
 I - a scarf of resistance
 K - the +2 pair of boots of Gravity (worn) {rC+ Regen+ Int-5}
   (Okawaru gifted it to you on level 4 of the Vaults)

   It affects your intelligence (-5).
   It protects you from cold.
   It increases your rate of regeneration.
 T - the +8 orange crystal plate armour (worn) {Archmagi, Int+3 Clar}
   (You bought it in a shop on level 8 of the Dungeon)

   It affects your intelligence (+3).
   It protects you against confusion.
 U - a scarf of cloud immunity (worn)
 W - a +2 hat of magic resistance (worn)
 X - a +3 large shield of protection
Jewellery
 n - a ring of the Octopus King (left hand) {AC+1 EV+1 Str+1 Int+1 Dex+1 SInv}
   (You took it off a hell knight on level 2 of the Depths)

   [ring of see invisible]

   It affects your AC (+1).
   It affects your evasion (+1).
   It affects your strength (+1).
   It affects your intelligence (+1).
   It affects your dexterity (+1).
   It lets you see invisible.
 o - an uncursed amulet of the gourmand
 p - the ring of Fupsei {AC-2 Str+3 Dex+4}
   (You found it on level 4 of a ziggurat)

   [ring of protection]

   It affects your AC (-2).
   It affects your strength (+3).
   It affects your dexterity (+4).
 F - the amulet of Circularity {Gourm *Corrode rF- Int+10 SInv}
   (You found it on level 15 of a ziggurat)

   [amulet of the gourmand]

   It allows you to eat raw meat even when not hungry.
   It affects your intelligence (+10).
   It makes you vulnerable to fire.
   It lets you see invisible.
   It may corrode you when you take damage.
 G - the ring "Lagauj" (right hand) {rCorr Dex+3 SInv}
   (You found it on level 1 of the Depths)

   [ring of resist corrosion]

   It affects your dexterity (+3).
   It lets you see invisible.
   It provides partial protection from all sources of acid and corrosion.
 H - the amulet "Rokhlaeb" {Spirit rN+}
   (You found it on level 3 of the Crypt)

   [amulet of guardian spirit]

   It causes incoming damage to be split between your health and magic.
   It protects you from negative energy.
 L - the amulet "Fadiejyt" (around neck) {Reflect Int+3 Dex+2 SH+3}
   (You bought it in a shop in a bazaar)

   [amulet of reflection]

   It shields you and reflects attacks.
   It affects your intelligence (+3).
   It affects your dexterity (+2).
   It affects your SH (+3).
 N - the ring "Uphoyth" {Ice rElec Int+2}
   (You found it on level 15 of a ziggurat)

   [ring of ice]

   It enhances your ice magic.
   It affects your intelligence (+2).
   It makes you vulnerable to fire.
   It protects you from cold.
   It insulates you from electricity.
 Y - an uncursed ring of poison resistance
Wands
 P - a wand of digging (10)
Scrolls
 h - 3 scrolls of enchant armour
 j - 5 scrolls of enchant weapon
 k - 8 scrolls of identify
 r - 4 scrolls of fog
 t - 36 scrolls of teleportation
 u - 26 scrolls of remove curse
 y - 3 scrolls of magic mapping
 D - 9 scrolls of blinking
 Q - 4 scrolls of fear
Potions
 c - 9 potions of mutation
 d - 7 potions of might
 l - 5 potions of flight
 q - 9 potions of agility
 w - 10 potions of haste
 x - 30 potions of curing
 z - 2 potions of heal wounds
 C - 4 potions of resistance
 M - 2 potions of berserk rage
Miscellaneous
 e - the horn of Geryon
 i - a phial of floods
 s - a lamp of fire
 v - 3 boxes of beasts
 A - a lamp of fire
 J - a lamp of fire
 O - a fan of gales
 R - a phantom mirror
 V - a lamp of fire
 Z - a lightning rod (4/4)
Comestibles
 f - 100 rations


   Skills:
 O Level 27(26.2) Fighting
 O Level 27(26.2) Long Blades
   Level 2.9(7.5) Axes
   Level 9.7(14.2) Staves
 + Level 2.4(6.9) Throwing
 O Level 27(26.2) Armour
 + Level 8.4(12.8) Dodging
 + Level 6.7(11.2) Stealth
 O Level 27(26.2) Shields
 + Level 2.6(7.2) Unarmed Combat
 + Level 1.5(1.1) Spellcasting
 + Level 19.1(18.5) Invocations
 + Level 5.4(5.0) Evocations


You had 29 spell levels left.
You didn't know any spells.
Your spell library contained the following spells:

 Spells                   Type           Power        Failure   Level  Hunger
 Animate Skeleton         Necr           N/A          95%         1    ##.....
 Apportation              Tloc           #.....       95%         1    ##.....
 Beastly Appendage        Tmut           #.....       95%         1    ##.....
 Confusing Touch          Hex            #.....       95%         1    ##.....
 Corona                   Hex            #......      95%         1    ##.....
 Flame Tongue             Conj/Fire      #....        95%         1    ##.....
 Freeze                   Ice            #...         95%         1    ##.....
 Infusion                 Chrm           #...         95%         1    ##.....
 Magic Dart               Conj           #...         95%         1    ##.....
 Pain                     Necr           #...         95%         1    ##.....
 Sandblast                Erth           #.....       95%         1    ##.....
 Shock                    Conj/Air       #...         95%         1    ##.....
 Summon Butterflies       Summ           #.......     95%         1    ##.....
 Summon Small Mammal      Summ           #...         95%         1    ##.....
 Blink                    Tloc           N/A          99%         2    ###....
 Call Imp                 Summ           #.......     99%         2    ###....
 Corpse Rot               Necr           N/A          99%         2    ###....
 Ensorcelled Hibernation  Hex/Ice        #.....       99%         2    ###....
 Passwall                 Tmut/Erth      #.......     99%         2    ###....
 Searing Ray              Conj           #.....       99%         2    ###....
 Shroud of Golubria       Chrm/Tloc      #.....       99%         2    ###....
 Slow                     Hex            #.......     99%         2    ###....
 Song of Slaying          Chrm           #.......     99%         2    ###....
 Sticks to Snakes         Tmut           #.......     99%         2    ###....
 Sublimation of Blood     Necr           #.........   99%         2    ###....
 Swiftness                Chrm/Air       #.......     99%         2    ###....
 Throw Flame              Conj/Fire      #.....       99%         2    ###....
 Throw Frost              Conj/Ice       #.....       99%         2    ###....
 Call Canine Familiar     Summ           #.......     100%        3    ####...
 Confuse                  Hex            #.......     100%        3    ####...
 Conjure Flame            Conj/Fire      #.......     100%        3    ####...
 Dazzling Spray           Conj/Hex       #.....       100%        3    ####...
 Gell's Gravitas          Tloc           #.........   100%        3    ####...
 Ignite Poison            Fire/Tmut/Pois #.......     100%        3    ####...
 Inner Flame              Hex/Fire       #.......     100%        3    ####...
 Mephitic Cloud           Conj/Pois/Air  #.......     100%        3    ####...
 Ozocubu's Armour         Chrm/Ice       #.......     100%        3    ####...
 Portal Projectile        Hex/Tloc       #.....       100%        3    ####...
 Recall                   Summ/Tloc      N/A          100%        3    ####...
 Regeneration             Chrm/Necr      #.........   100%        3    ####...
 Spider Form              Tmut/Pois      #.........   100%        3    ####...
 Static Discharge         Conj/Air       #.......     100%        3    ####...
 Stone Arrow              Conj/Erth      #.....       100%        3    ####...
 Summon Guardian Golem    Hex/Summ       #.......     100%        3    ####...
 Teleport Other           Tloc           #.......     100%        3    ####...
 Tukima's Dance           Hex            #.......     100%        3    ####...
 Vampiric Draining        Necr           #.........   100%        3    ####...
 Airstrike                Air            #.........   100%        4    #####..
 Animate Dead             Necr           N/A          100%        4    #####..
 Cause Fear               Hex            #.........   100%        4    #####..
 Force Lance              Conj/Tloc      #.......     100%        4    #####..
 Fulminant Prism          Conj/Hex       #.........   100%        4    #####..
 Ice Form                 Ice/Tmut       #.......     100%        4    #####..
 Iskenderun's Mystic Bla  Conj           #.......     100%        4    #####..
 Leda's Liquefaction      Hex/Erth       #.........   100%        4    #####..
 Petrify                  Tmut/Erth      #.......     100%        4    #####..
 Sticky Flame             Conj/Fire      #.......     100%        4    #####..
 Summon Ice Beast         Ice/Summ       #.......     100%        4    #####..
 Summon Lightning Spire   Summ/Air       #.......     100%        4    #####..
 Throw Icicle             Conj/Ice       #.......     100%        4    #####..
 Alistair's Intoxication  Tmut/Pois      #.......     100%        5    ######.
 Blade Hands              Tmut           #.........   100%        5    ######.
 Bolt of Magma            Conj/Fire/Erth #.........   100%        5    ######.
 Borgnjor's Vile Clutch   Necr/Erth      #.........   100%        5    ######.
 Fireball                 Conj/Fire      #.........   100%        5    ######.
 Irradiate                Conj/Tmut      #.........   100%        5    ######.
 Iskenderun's Battlesphe  Conj/Chrm      #.......     100%        5    ######.
 Lee's Rapid Deconstruct  Erth           #.........   100%        5    ######.
 Lightning Bolt           Conj/Air       #.........   100%        5    ######.
 Metabolic Englaciation   Hex/Ice        #.........   100%        5    ######.
 Silence                  Hex/Air        #.........   100%        5    ######.
 Summon Forest            Summ/Tloc      #.........   100%        5    ######.
 Summon Mana Viper        Hex/Summ       #.......     100%        5    ######.
 Yara's Violent Unravell  Hex/Tmut       #.........   100%        5    ######.
 Bolt of Cold             Conj/Ice       #.........   100%        6    #######
 Bolt of Fire             Conj/Fire      #.........   100%        6    #######
 Conjure Ball Lightning   Conj/Air       #.........   100%        6    #######
 Darkness                 Hex            #.........   100%        6    #######
 Death Channel            Necr           #.........   100%        6    #######
 Deflect Missiles         Chrm/Air       #.........   100%        6    #######
 Dispersal                Tloc           #.........   100%        6    #######
 Freezing Cloud           Conj/Ice/Air   #.........   100%        6    #######
 Hydra Form               Tmut           #.........   100%        6    #######
 Invisibility             Hex            #.......     100%        6    #######
 Iron Shot                Conj/Erth      #.........   100%        6    #######
 Ozocubu's Refrigeration  Ice            #.........   100%        6    #######
 Shadow Creatures         Summ           N/A          100%        6    #######
 Simulacrum               Ice/Necr       #.........   100%        6    #######
 Statue Form              Tmut/Erth      #........    100%        6    #######
 Dragon Form              Tmut           #.........   100%        7    #######
 Haunt                    Necr/Summ      #.........   100%        7    #######
 Malign Gateway           Summ/Tloc      #.........   100%        7    #######
 Ring of Flames           Chrm/Fire      #.........   100%        7    #######
 Spellforged Servitor     Conj/Summ      #.........   100%        7    #######
 Summon Hydra             Summ           #.........   100%        7    #######
 Borgnjor's Revivificati  Necr           #.........   100%        8    #######
 Controlled Blink         Tloc           N/A          100%        8    #######
 Death's Door             Chrm/Necr      #.........   100%        8    #######
 Discord                  Hex            #.........   100%        8    #######
 Disjunction              Tloc           #.........   100%        8    #######
 Ignition                 Fire           #.........   100%        8    #######
 Infestation              Necr           #.........   100%        8    #######
 Necromutation            Tmut/Necr      #.........   100%        8    #######
 Dragon's Call            Summ           #.........   100%        9    #######
 Shatter                  Erth           #.........   100%        9    #######
 Tornado                  Air            #.........   100%        9    #######


Dungeon Overview and Level Annotations

Branches:
Dungeon (15/15)            Temple (1/1) D:4            Lair (6/6) D:11
 Shoals (4/4) Lair:3        Snake (4/4) Lair:2        Slime (5/5) Lair:6
    Orc (2/2) D:12            Elf (3/3) Orc:2        Vaults (5/5) D:14
  Crypt (3/3) Vaults:2       Tomb (0/3) Crypt:3      Depths (5/5) D:15
   Hell (visited)             Dis (0/7) Hell            Geh (0/7) Hell
    Coc (0/7) Hell            Tar (0/7) Hell            Zot (2/5) Depths:5
  Sewer (visited)          Bailey (visited)           IceCv (visited)

Altars:
Cheibriados
Dithmenos
Elyvilon
Fedhas
Hepliaklqana
Kikubaaqudgha
Okawaru
Qazlal
Sif Muna
Trog
Vehumet
Yredelemnul
The Shining One
Beogh
Jiyva
Lugonu

Shops:
D:4 *   D:5 (   D:8 [   D:15 }   Orc:2 *:[[}   Elf:3 *   Shoals:1 }
Shoals:4 }   Vaults:1 ?   Vaults:5 }

Portals:
Hell: Depths:1 Depths:2 Depths:3 Depths:4 Depths:5
Abyss: Depths:2 Depths:4
Pandemonium: Depths:3

Annotations:
D:3 3 runed translucent doors, HessuHobo's ghost, amateur MiBe
Depths:3 4 runed translucent doors


Innate Abilities, Weirdness & Mutations

You reflexively headbutt those who attack you in melee.
You have a pair of horns on your head.
You are very weak. (Str -4)
[You are very clumsy. (Dex -4)]
[Your magical capacity is very low. (-20% MP)]


Message History

You block the monstrous black sun's attack.
The monstrous black sun misses you.
The gelid warmonger is lost in a daze.
The Tzitzimitl misses you. You furiously retaliate!
You headbutt the Tzitzimitl, but do no damage.
You block the Tzitzimitl's attack.
Blink to where?
Press: ? - help, Dir - move target cursor You are very lightly contaminated with residual magic.
As you read the scroll of blinking, it crumbles to dust.
A lorocyproca and 2 blizzard demons come into view.
The blizzard demon shouts!
The lorocyproca gives a chilling moan.
The wretched star pulses with an eldritch light!
You feel less energetic. x2
Gousoum gestures at you.
The bolt of negative energy hits the balrug.
The balrug completely resists.
The bolt of negative energy hits the soul eater.
The soul eater completely resists.
The bolt of negative energy hits you!! You partially resist.
You feel drained.
You die...

▓▓▓▓ ▓..............
.... ▓..............
.... ▓[|?...........
....
▓[:)....................
▓∩"::...................
▓>?}=...................
▓∩:}|...................
▓:!}2..@..XX............
▓.......32XX2...........
▓.....2222.*............
▓.....XX6X&X............
▓▓▓▓▓▓▓▓▓s.X........▓▓▓▓
▓6626.......▓
▓61.........▓
▓§62........▓
▓▓▓▓▓▓▓▓▓▓▓▓▓


You could see Gousoum (dazed), 7 starcursed masses, an emperor scorpion, a
Tzitzimitl (dazed), a gelid warmonger (dazed), a lorocyproca (invisible), 2
reapers, a balrug (dazed), 2 green deaths, a wretched star, 2 demonspawn, a
monstrous black sun (dazed), 2 blizzard demons, 2 demonspawn, a soul eater
(dazed), a shadow demon (dazed) and 2 large abominations.

Vanquished Creatures
  the Royal Jelly (Slime:5)
  7 ancient liches
  An orb of fire (Zot:2)
  Mennas (Crypt:1)
  2 juggernauts
  Mara (Shoals:3)
  Boris (Depths:5)
  Sojobo (Depths:1)
  Bai Suzhen (Shoals:3)
  The ghost of Yloe the Fencer, a veteran BaIE of Cheibriados (Depths:2)
  The ghost of Gyepyurr the Fencer, a veteran BaIE of Cheibriados (Depths:1)
  Vashnia (Snake:4)
  2 shard shrikes (Zig:8)
  5 Killer Klowns
  Frederick (Depths:5)
  2 curse toes (Crypt:3)
  6 pandemonium lords
  Xtahua (Depths:5)
  4 caustic shrikes
  Geryon (Hell)
  The ghost of kalodont the Imperceptible, a veteran KoEn of Wu Jian (Crypt:3)
  A profane servitor (Zig:16)
  8 golden dragons
  5 electric golems
  3 Brimstone Fiends
  Rupert (Depths:3)
  3 hellephants
  2 Ice Fiends (Zig:8)
  11 tentacled monstrosities
  A Hell Sentinel (Zig:16)
  4 deep elf blademasters
  13 titans
  12 acid blobs
  Murray (Hell)
  2 quicksilver dragons
  16 liches
  Gastronok (D:11)
  5 death cobs
  A kraken (Shoals:4)
  Kirke (Shoals:4)
  6 ancient champions
  2 Executioners
  Agnes (Depths:3)
  10 sphinxes
  16 storm dragons
  Donald (Orc:1)
  3 shadow dragons
  13 tengu reavers
  2 revenants (Crypt:1)
  8 nagarajas (Snake:4)
  Ilsuiw (Shoals:3)
  A shadow dragon (shapeshifter) (Zig:15)
  19 azure jellies
  2 draconian monks (Zot:2)
  3 iron dragons
  Aizul (Snake:4)
  A frost giant (shapeshifter) (Zig:14)
  12 fire giants
  11 frost giants
  30 vault wardens
  A draconian knight (Zot:2)
  3 draconian shifters
  An orc warlord (Zig:7)
  2 balrugs
  8 deep elf sorcerers
  2 ghost moths (Zig:9)
  2 curse skulls
  8 deep elf elementalists
  17 ironheart preservers
  3 draconian scorchers
  An emperor scorpion (Zig:9)
  A draconian stormcaller (Depths:5)
  4 draconian annihilators
  6 reapers
  18 very ugly things
  3 war gargoyles
  3 ghouls
  4 spriggan defenders
  A stone giant (shapeshifter) (Zig:14)
  A caustic shrike skeleton (Depths:5)
  21 stone giants
  6 entropy weavers
  An entropy weaver (shapeshifter) (Depths:5)
  12 deep elf demonologists
  6 green draconians
  7 vampire knights
  4 purple draconians
  7 spark wasps
  A dire elephant (Zig:12)
  A dire elephant (shapeshifter) (Zig:4)
  A lorocyproca (Zig:16)
  9 black draconians
  A spark wasp (shapeshifter) (Zig:14)
  4 red draconians
  11 deep elf annihilators
  6 white draconians
  2 mummy priests
  An eidolon (Crypt:2)
  3 yellow draconians
  An ettin (shapeshifter) (Vaults:5)
  14 ettins
  5 merfolk javelineers
  5 blizzard demons
  12 deep elf death magi
  6 death oozes
  2 kraken zombies (Hell)
  14 jiangshi
  11 fire dragons
  6 merfolk impalers
  17 ogre magi
  14 great orbs of eyes
  12 yaktaur captains
  A great orb of eyes (shapeshifter) (Vaults:1)
  A quicksilver dragon skeleton (Crypt:2)
  4 rakshasas
  A deep elf high priest (Elf:3)
  31 vault guards
  13 naga warriors
  14 hydras
  16 ice dragons
  3 spriggan air magi
  2 alligator snapping turtles (shapeshifter)
  A catoblepas (Zig:6)
  3 alligator snapping turtles
  19 anacondas
  2 merfolk aquamancers (Shoals:4)
  2 merfolk avatars
  A satyr (Shoals:3)
  10 centaur warriors
  12 deep troll shamans
  A queen ant (shapeshifter) (Zig:13)
  4 hell hogs (Hell)
  7 death knights
  58 two-headed ogres
  4 spriggan berserkers
  2 tengu warriors
  31 dancing weapons
  14 deep troll earth magi
  An orc high priest (Orc:2)
  An iron golem (Hell)
  17 naga sharpshooters
  24 hell knights
  9 vampire magi
  10 shock serpents
  5 titan zombies
  15 deep elf knights
  Sonja (Lair:2)
  4 sun demons
  9 soul eaters
  6 salamander mystics
  A storm dragon skeleton (Vaults:4)
  5 iron trolls
  An iron troll (shapeshifter) (Zig:14)
  An iron giant zombie (Crypt:3)
  2 shadow wraiths
  5 wizards
  5 glowing orange brains
  2 glowing orange brains (shapeshifter)
  An anaconda zombie (Crypt:2)
  13 skeletal warriors
  4 unseen horrors
  7 flayed ghosts
  7 sea snakes
  A torturous demonspawn (Zig:16)
  28 deep trolls
  A tengu zombie (Vaults:3)
  3 orange crystal statues (Zig:5)
  14 deep elf archers
  10 phantasmal warriors
  11 harpies
  12 necromancers
  8 naga ritualists
  An obsidian statue (Zig:5)
  25 orc knights
  A harpy (shapeshifter) (Vaults:3)
  18 ironbrand convokers
  65 deep elf magi
  A golden dragon skeleton (Zig:10)
  7 shining eyes
  4 orb spiders (Zig:9)
  A sphinx zombie (Zig:5)
  7 wolf spiders
  9 orc sorcerers
  A fire giant zombie (Hell)
  A tengu skeleton (Vaults:4)
  A frost giant zombie (Zig:10)
  9 manticores
  A wolf spider (shapeshifter) (Depths:4)
  A stone giant zombie (Hell)
  23 salamanders
  11 cyclopes
  2 oklob plants (Lair:5)
  8 mana vipers
  2 stone giant skeletons
  3 sphinx skeletons
  45 ugly things
  A faun (shapeshifter) (Zig:14)
  11 fauns
  A salamander (shapeshifter) (Zig:13)
  17 merfolk sirens
  3 ice statues
  An elephant (Zig:12)
  37 black mambas
  15 guardian serpents
  A guardian serpent (shapeshifter) (Vaults:1)
  4 rust devils
  11 moths of wrath
  A fire giant skeleton (Crypt:2)
  A torpor snail (Zig:6)
  3 eyes of devastation
  A black mamba (shapeshifter) (Vaults:2)
  3 human skeletons
  21 naga magi
  A water nymph (shapeshifter) (Depths:4)
  2 molten gargoyles
  6 water nymphs
  A smoke demon (Hell)
  3 gargoyles
  2 apocalypse crabs
  10 vault sentinels
  A spiny frog (shapeshifter) (Zig:14)
  A spriggan skeleton (Zig:5)
  41 yaktaurs
  3 demonic crawlers
  3 hellions
  6 rime drakes
  33 spiny frogs
  An efreet (D:14)
  3 tormentors
  3 ice devils (Hell)
  A yaktaur (shapeshifter) (Depths:5)
  13 komodo dragons
  8 red devils
  2 hydra zombies (Hell)
  15 freezing wraiths
  An iron troll skeleton (Crypt:2)
  A queen bee (shapeshifter) (Depths:5)
  A queen bee (Lair:2)
  3 tengu conjurers
  A jumping spider (Zig:9)
  A jumping spider (shapeshifter) (Depths:5)
  A polar bear (shapeshifter) (Depths:5)
  A harpy zombie (D:13)
  24 merfolk
  A guardian mummy (Zig:2)
  4 polar bears (Lair:1)
  An iron troll zombie (Crypt:2)
  7 trolls
  A wind drake (shapeshifter) (Vaults:2)
  4 tyrant leeches
  A tengu simulacrum (Vaults:3)
  7 hornets
  A purple draconian skeleton (Crypt:3)
  6 wind drakes
  25 blink frogs
  A death drake skeleton (Crypt:1)
  9 dream sheep
  93 slime creatures
  A blink frog (shapeshifter) (Vaults:5)
  An ettin zombie (Hell)
  5 snapping turtles
  A stone giant simulacrum (Depths:1)
  3 hydra skeletons (Hell)
  12 hippogriffs
  2 spriggan zombies (Hell)
  2 deep troll zombies (Hell)
  3 redbacks
  A fire dragon zombie (Crypt:3)
  2 air elementals (Elf:3)
  10 flying skulls
  Sigmund (D:3)
  19 water elementals
  An ettin skeleton (Vaults:4)
  A spriggan (Depths:5)
  A wyvern (shapeshifter) (Vaults:5)
  3 wyverns
  4 shadows
  An ice dragon skeleton (Depths:1)
  An ushabti (Zig:2)
  21 yaks
  6 wraiths
  7 hogs
  Eustachio (D:6)
  A fire bat (shapeshifter) (Zig:14)
  A hog (shapeshifter) (Depths:5)
  3 basilisks
  5 fire elementals
  22 humans
  A fire bat (Zig:10)
  20 golden eyes
  A basilisk (shapeshifter) (D:13)
  10 vampire mosquitoes
  3 hungry ghosts
  A chaos spawn (Zig:14)
  A yaktaur simulacrum (Vaults:2)
  2 wargs
  A death yak simulacrum (IceCv)
  A swamp worm (shapeshifter) (Zig:13)
  A faun zombie (Crypt:2)
  2 soldier ants (shapeshifter)
  50 nagas
  6 acid dragons
  A floating eye (Depths:2)
  A spiny frog zombie (Hell)
  13 water moccasins
  A human zombie (Zig:10)
  A torturous demonspawn skeleton (Crypt:2)
  2 infernal demonspawn skeletons
  8 porcupines
  39 orc warriors
  2 spiny frog skeletons (Hell)
  A black bear (shapeshifter) (Depths:5)
  An ettin simulacrum (Vaults:3)
  7 eyes of draining
  4 black bears
  An eye of draining (shapeshifter) (Vaults:2)
  10 necrophages
  4 sky beasts
  12 ice beasts
  11 boggarts
  45 ogres
  An elephant skeleton (Crypt:3)
  24 centaurs
  A dream sheep skeleton (Crypt:2)
  A manticore skeleton (Crypt:1)
  18 crocodiles
  3 big kobolds (D:11)
  32 bullfrogs
  2 earth elementals
  An elf skeleton (Crypt:3)
  5 scorpions
  A water moccasin skeleton (D:8)
  A troll zombie (Crypt:1)
  A swamp dragon simulacrum (IceCv)
  21 killer bees
  9 wights
  3 howler monkeys (D:12)
  7 electric eels
  12 crimson imps
  2 bullfrog zombies
  4 draconian simulacra (IceCv)
  4 centaur zombies
  2 human simulacra (Vaults:3)
  A quasit (D:6)
  5 hounds
  4 jellies
  28 orc priests
  Crazy Yiuf (D:6)
  4 iron imps
  36 orc wizards
  A bullfrog skeleton (D:4)
  5 centaur skeletons
  Jessica (D:2)
  10 worker ants
  Terence (D:2)
  A black bear skeleton (Crypt:1)
  An iguana (D:7)
  2 polar bear simulacra (IceCv)
  A killer bee zombie (D:6)
  2 spriggan simulacra (IceCv)
  5 troll simulacra (IceCv)
  2 centaur simulacra (IceCv)
  A hound zombie (D:11)
  A naga skeleton (Crypt:3)
  An ogre skeleton (Crypt:2)
  A hound skeleton (D:11)
  2 mummies (Zig:2)
  A worker ant zombie (D:10)
  Robin (D:3)
  2 howler monkey skeletons
  A howler monkey zombie (D:10)
  9 gnolls
  4 ogre simulacra (IceCv)
  A river rat (D:4)
  15 adders
  3 naga simulacra (IceCv)
  A swamp drake skeleton (Crypt:3)
  2 shadow imps
  12 white imps (IceCv)
  An ooze (D:2)
  A lava snake skeleton (Crypt:1)
  An adder skeleton (D:8)
  3 worms
  A dart slug (D:2)
  89 orcs
  6 giant cockroaches
  A giant cockroach (shapeshifter) (Depths:5)
  17 goblins
  9 hobgoblins
  8 jackals
  5 quokkas
  3 ball pythons
  A ball python zombie (Crypt:2)
  13 bats
  15 frilled lizards
  A frilled lizard skeleton (Crypt:2)
  A giant cockroach zombie (D:6)
  A goblin skeleton (Crypt:2)
  A jackal skeleton (D:6)
  32 kobolds
  A leopard gecko skeleton (D:5)
  5 rats
  A crawling corpse (Elf:3)
  4 fungi (Lair:1)
  17 plants
  3 tentacles
  7 withered plants (Crypt:3)
2800 creatures vanquished.

Vanquished Creatures (others)
  3 deep elf master archers (Elf:3)
  A very ugly thing (Depths:5)
  A draconian annihilator (Depths:5)
  4 stone giants
  A deep elf annihilator (Elf:3)
  A vampire knight (Depths:2)
  2 yaktaur captains
  An anaconda (Snake:4)
  An ogre mage (Vaults:4)
  2 centaur warriors
  5 two-headed ogres (Vaults:4)
  A satyr (Shoals:4)
  A dancing weapon (Zig:11)
  A naga sharpshooter (Snake:1)
  A shadow wraith (Vaults:3)
  A deep elf knight (Elf:2)
  2 deep elf archers
  A necromancer (IceCv)
  3 cyclopes
  2 fauns
  A naga mage (Snake:3)
  A rime drake (Zig:8)
  12 yaktaurs
  A jumping spider (Zig:9)
  2 nagas
  A human zombie (Vaults:3)
  2 boggarts
  6 centaurs
  2 ogres
  An orc priest (Orc:2)
  3 orc wizards (Orc:2)
  An orc (Orc:2)
  A leopard gecko skeleton (D:6)
  A crawling corpse (Elf:3)
  5 fungi
  19 plants
  16 tentacles
110 creatures vanquished.

Grand Total: 2910 creatures vanquished

Notes
Turn   | Place    | Note
-------+----------+-------------------------------------------
     0 | D:1      | Peloso the Minotaur Fighter began the quest for the Orb.
     0 | D:1      | Reached XP level 1. HP: 19/19 MP: 0/0
   231 | D:1      | Reached XP level 2. HP: 27/27 MP: 1/1
   955 | D:2      | Reached XP level 3. HP: 32/33 MP: 2/2
  1178 | D:2      | You fall into a shaft and drop 1 floor!
  1248 | D:3      | Reached XP level 4. HP: 40/40 MP: 3/3
  1337 | D:3      | Reached skill level 5 in Shields
  1337 | D:3      | Reached XP level 5. HP: 44/46 MP: 4/4
  1474 | D:3      | Found a runed translucent gate.
  1601 | D:3      | Found a runed translucent gate.
  1602 | D:3      | Found a runed translucent gate.
  1602 | D:3      | Noticed HessuHobo's ghost (amateur MiBe)
  1637 | D:3      | Noticed Robin
  1683 | D:3      | Killed Robin
  1812 | D:2      | Noticed Jessica
  1822 | D:2      | Killed Jessica
  1846 | D:2      | Noticed Terence
  1855 | D:2      | Killed Terence
  1973 | D:2      | Reached XP level 6. HP: 52/53 MP: 5/5
  1979 | D:2      | Reached skill level 1 in Dodging
  2198 | D:3      | Noticed Sigmund
  2213 | D:3      | Killed Sigmund
  2213 | D:3      | Reached skill level 5 in Armour
  2239 | D:3      | Reached skill level 5 in Long Blades
  2776 | D:4      | Reached XP level 7. HP: 54/60 MP: 6/6
  2836 | D:4      | Found a staircase to the Ecumenical Temple.
  3068 | D:4      | Found a glowing drain.
  3076 | Sewer    | Entered a sewer
  4118 | D:4      | Reached skill level 5 in Fighting
  4144 | D:4      | Found Bugyac's General Store.
  4147 | D:4      | Bought 3 scrolls of magic mapping for 147 gold pieces
  4271 | D:4      | You fall into a shaft and drop 2 floors!
  4309 | D:6      | Reached XP level 8. HP: 55/68 MP: 7/7
  4542 | D:5      | Entered Level 5 of the Dungeon
  4622 | Temple   | Entered the Ecumenical Temple
  4641 | Temple   | Became a worshipper of Warmaster Okawaru
  5081 | D:5      | Found Fuketeezut's Antique Weapon Emporium.
  5364 | D:5      | Reached skill level 1 in Stealth
  5601 | D:6      | Noticed Eustachio
  5619 | D:6      | Killed Eustachio
  5697 | D:6      | Reached * piety under Okawaru
  5697 | D:6      | Reached XP level 9. HP: 68/78 MP: 8/8
  5754 | D:6      | Found a runed translucent door.
  5755 | D:6      | Noticed Crazy Yiuf
  5813 | D:6      | Killed Crazy Yiuf
  6930 | D:7      | Reached ** piety under Okawaru
  7366 | D:8      | Found a white marble altar of Elyvilon.
  7380 | D:8      | Found Woneuqit's Armour Shoppe.
  7628 | D:8      | Found a bloodstained altar of Trog.
  7648 | D:8      | You fall into a shaft and drop 2 floors!
  7648 | D:10     | Entered Level 10 of the Dungeon
  7693 | D:10     | Killed an unseen horror
  7693 | D:10     | Reached *** piety under Okawaru
  7693 | D:10     | Reached skill level 10 in Long Blades
  7693 | D:10     | Reached XP level 10. HP: 22/86 MP: 7/9
  7966 | D:10     | Reached skill level 10 in Shields
  8696 | D:10     | Noticed a two-headed ogre
  8708 | D:10     | Killed a two-headed ogre
  8888 | D:10     | Reached **** piety under Okawaru
  9906 | D:9      | Found a flagged portal.
  9915 | Bailey   | Entered a bailey
  9973 | Bailey   | Found an iron altar of Okawaru.
 10244 | D:9      | Reached XP level 11. HP: 95/95 MP: 10/10
 10291 | D:9      | Got a crystal war axe
 10292 | D:9      | Identified the +7 war axe "Firat" {holy, *Slow rPois rF+
                  | Dex+3} (You found it on level 9 of the Dungeon)
 11120 | D:11     | Noticed Gastronok
 11143 | D:11     | Killed Gastronok
 11143 | D:11     | Reached skill level 10 in Armour
 11195 | D:11     | Reached ***** piety under Okawaru
 11743 | D:12     | Noticed a white ugly thing
 11744 | D:12     | Noticed a two-headed ogre
 11744 | D:12     | Noticed a brown ugly thing
 11760 | D:12     | Killed a cyan ugly thing
 11771 | D:12     | Killed a white ugly thing
 11786 | D:12     | Killed a two-headed ogre
 11786 | D:12     | Reached skill level 1 in Invocations
 12092 | D:12     | Noticed a red ugly thing
 12096 | D:12     | Noticed a two-headed ogre
 12108 | D:12     | Killed a two-headed ogre
 12108 | D:12     | Received a gift from Okawaru
 12108 | D:12     | Reached skill level 1 in Evocations
 12768 | D:12     | Killed a red ugly thing
 12768 | D:12     | Reached XP level 12. HP: 77/105 MP: 8/11
 13082 | D:12     | Found a roughly hewn altar of Beogh.
 13161 | D:12     | Noticed a five-headed hydra
 13171 | D:12     | Killed a one-headed hydra
 13389 | D:12     | Reached skill level 10 in Fighting
 13450 | D:12     | Found a staircase to the Orcish Mines.
 13588 | D:11     | Reached skill level 1 in Axes
 14099 | D:11     | Found a staircase to the Lair.
 14731 | Lair:1   | Entered Level 1 of the Lair of Beasts
 14759 | Lair:1   | Reached skill level 5 in Dodging
 14777 | Lair:1   | Found a radiant altar of Vehumet.
 15928 | Lair:2   | Received a gift from Okawaru
 15936 | Lair:2   | Got a dazzling ring mail {god gift}
 16008 | Lair:2   | Noticed a seven-headed hydra
 16020 | Lair:2   | Killed a two-headed hydra
 16298 | Lair:2   | Noticed a seven-headed hydra
 16309 | Lair:2   | Killed a two-headed hydra
 16326 | Lair:2   | Reached XP level 13. HP: 65/115 MP: 13/13
 16831 | Lair:2   | Noticed Sonja
 16909 | Lair:2   | Killed Sonja
 17119 | Lair:2   | Found a staircase to the Snake Pit.
 17492 | Lair:2   | Identified the Almanac of Lucky Air
 18344 | Lair:3   | Found a staircase to the Shoals.
 19728 | Lair:4   | Reached skill level 15 in Shields
 20291 | Orc:1    | Entered Level 1 of the Orcish Mines
 20444 | Orc:2    | Entered Level 2 of the Orcish Mines
 20497 | Orc:2    | Noticed Donald
 21550 | Orc:1    | Killed Donald
 21579 | Orc:1    | Identified the +0 ring mail "Nemasy" {rF+ Slay+3} (Okawaru
                  | gifted it to you on level 2 of the Lair of Beasts)
 21644 | Orc:1    | Received a gift from Okawaru
 21787 | Orc:2    | Found Saiwn's General Store.
 21829 | Orc:2    | Bought a scroll of remove curse for 48 gold pieces
 21829 | Orc:2    | Bought a scroll of identify for 32 gold pieces
 22420 | Orc:1    | Reached XP level 14. HP: 102/125 MP: 15/15
 22794 | Orc:2    | Found Nuprenn's Gadget Emporium.
 22794 | Orc:2    | Found Gaefokloowk's Armour Shoppe.
 22797 | Orc:2    | Found Issixtel's Antique Armour Emporium.
 22797 | Orc:2    | Found Wodi's Book Shoppe.
 22846 | Orc:2    | Found a staircase to the Elven Halls.
 23563 | D:11     | Found the +12 glaive of Prune {chop}
 23570 | D:11     | Reached skill level 15 in Long Blades
 23600 | D:11     | Identified 2 scrolls of acquirement
 25211 | D:14     | Found a frozen archway.
 25216 | D:14     | Reached ****** piety under Okawaru
 25286 | IceCv    | Entered an ice cave
 25911 | IceCv    | Found an ancient bone altar of Kikubaaqudgha.
 25926 | IceCv    | Received a gift from Okawaru
 27008 | D:14     | Found a gate to the Vaults.
 27308 | D:15     | Entered Level 15 of the Dungeon
 27650 | D:8      | Bought the +8 orange crystal plate armour {Archmagi, Int+3
                  | Clar} for 2023 gold pieces
 27650 | D:8      | Found the +8 orange crystal plate armour {Archmagi, Int+3
                  | Clar}
 27817 | D:15     | Got a smoking turquoise ring
 27823 | D:15     | Identified the ring "Kimouj" {+Blink Stlth-} (You found it
                  | on level 15 of the Dungeon)
 27999 | D:15     | Identified the +1 plate armour of Gaseselu {rCorr}
 28716 | D:15     | Found a staircase to the Depths.
 28716 | D:15     | Noticed a frost giant
 28726 | D:15     | Killed a frost giant
 28726 | D:15     | Reached XP level 15. HP: 115/135 MP: 16/16
 28805 | D:15     | Found Odueri's Gadget Shop.
 28809 | D:15     | Received a gift from Okawaru
 29035 | D:15     | Found a blossoming altar of Fedhas.
 30215 | Lair:6   | Entered Level 6 of the Lair of Beasts
 30348 | Lair:6   | Received a gift from Okawaru
 31204 | Lair:6   | Found a viscous altar of Jiyva.
 31205 | Lair:6   | Found a staircase to the Slime Pits.
 32126 | Shoals:1 | Entered Level 1 of the Shoals
 32375 | Shoals:1 | Found Allaos's Gadget Shop.
 32388 | Shoals:1 | Bought a wand of digging (7) for 418 gold pieces
 33278 | Shoals:2 | Received a gift from Okawaru
 33297 | Shoals:2 | Got a pair of pitted gloves {god gift}
 33309 | Shoals:2 | Identified the +2 pair of gloves of Duty {Dex+5} (Okawaru
                  | gifted it to you on level 2 of the Shoals)
 33767 | Shoals:3 | Reached XP level 16. HP: 97/147 MP: 17/17
 34206 | Shoals:3 | Noticed Ilsuiw
 34842 | Shoals:3 | Killed Ilsuiw
 35084 | Shoals:3 | Reached skill level 15 in Armour
 35542 | Shoals:3 | Noticed Mara
 35564 | Shoals:3 | Killed Mara
 35564 | Shoals:3 | Received a gift from Okawaru
 35568 | Shoals:3 | Got a spiked cloak {god gift}
 35601 | Shoals:3 | Identified the +2 cloak "Tycku" {Str+4} (Okawaru gifted it
                  | to you on level 3 of the Shoals)
 35828 | Shoals:4 | Entered Level 4 of the Shoals
 35837 | Shoals:4 | Reached skill level 15 in Fighting
 35840 | Shoals:4 | Noticed Bai Suzhen
 35870 | Shoals:3 | Killed Bai Suzhen
 35901 | Shoals:4 | Noticed Kirke
 35918 | Shoals:4 | Killed Kirke
 36092 | Shoals:4 | Noticed a kraken
 36105 | Shoals:4 | Killed a kraken
 36308 | Shoals:4 | Found Widgh's Gadget Shoppe.
 37274 | Shoals:4 | Received a gift from Okawaru
 37274 | Shoals:4 | Reached XP level 17. HP: 59/156 MP: 19/19
 37279 | Shoals:4 | Got a barnacled rune of Zot
 37282 | Shoals:4 | Got warped quicksilver dragon scales {god gift}
 37316 | Shoals:4 | Identified the quicksilver dragon scales of the Unseen
                  | Realm {rPois rC- MR+ Dex+9 Slay-4} (Okawaru gifted it to
                  | you on level 4 of the Shoals)
 38009 | Snake:1  | Entered Level 1 of the Snake Pit
 39915 | Orc:2    | Bought a potion of heal wounds for 80 gold pieces
 41147 | Snake:3  | Identified the +5 dagger of Capital Punishment {drain,
                  | +Rage rElec rC+ Str+4}
 41307 | Snake:3  | Received a gift from Okawaru
 41698 | Snake:3  | Got an ichor-stained scimitar {god gift}
 41699 | Snake:3  | Identified the +8 scimitar "Loopy" {elec, MR+++ Str+2}
                  | (Okawaru gifted it to you on level 3 of the Snake Pit)
 42725 | Elf:1    | Entered Level 1 of the Elven Halls
 43052 | Elf:1    | Received a gift from Okawaru
 43714 | Elf:2    | Noticed a Tzitzimitl
 43715 | Elf:2    | Reached XP level 18. HP: 149/168 MP: 20/20
 43801 | Elf:2    | Found a runed translucent gate.
 43801 | Elf:2    | Found a runed translucent gate.
 43802 | Elf:2    | Found a runed translucent gate.
 44146 | Elf:2    | Found a shimmering blue altar of Sif Muna.
 44214 | Elf:2    | Received a gift from Okawaru
 44581 | Elf:3    | Entered Level 3 of the Elven Halls
 44697 | Elf:3    | Found Togroycw's General Store.
 45168 | Elf:3    | Received a gift from Okawaru
 45722 | Elf:3    | Noticed a Brimstone Fiend
 46221 | Elf:3    | Noticed an Ice Fiend
 46712 | Elf:3    | Noticed a Brimstone Fiend
 46720 | Elf:3    | Reached skill level 5 in Invocations
 46841 | Elf:3    | Received a gift from Okawaru
 47148 | Elf:3    | Reached XP level 19. HP: 77/178 MP: 21/21
 48684 | Elf:3    | Found the +8 demon blade "Leech" {vamp, rN+ AC-3 EV-3}
 48750 | Elf:3    | Got a crystal trident
 48751 | Elf:3    | Identified the +8 trident "Karrib" {pierce, rPois} (You
                  | found it on level 3 of the Elven Halls)
 50670 | Snake:4  | Entered Level 4 of the Snake Pit
 50670 | Snake:4  | Noticed Aizul
 50680 | Snake:4  | Killed Aizul
 51447 | Snake:4  | Noticed Vashnia
 51499 | Snake:4  | Killed Vashnia
 51499 | Snake:4  | Received a gift from Okawaru
 53133 | Snake:4  | Received a gift from Okawaru
 53660 | Snake:4  | Got a serpentine rune of Zot
 53730 | Snake:4  | Reached XP level 20. HP: 189/189 MP: 23/23
 55162 | Vaults:1 | Entered Level 1 of the Vaults
 55449 | Vaults:1 | Found Gaqog's Magic Scroll Boutique.
 55453 | Vaults:1 | Bought a scroll of teleportation for 36 gold pieces
 55453 | Vaults:1 | Bought a scroll of blinking for 90 gold pieces
 55550 | Vaults:1 | Received a gift from Okawaru
 57870 | Vaults:2 | Found a staircase to the Crypt.
 57870 | Vaults:2 | Found an ancient bone altar of Kikubaaqudgha.
 57871 | Vaults:2 | Found a basalt altar of Yredelemnul.
 58380 | Vaults:3 | Received a gift from Okawaru
 58440 | Vaults:3 | Reached XP level 21. HP: 152/199 MP: 24/24
 59552 | Vaults:3 | You fall into a shaft and drop 1 floor!
 59616 | Vaults:4 | Received a gift from Okawaru
 59646 | Vaults:4 | Got a pair of twisted boots {god gift}
 59657 | Vaults:4 | Identified the +2 pair of boots of Gravity {rC+ Regen+
                  | Int-5} (Okawaru gifted it to you on level 4 of the Vaults)
 59837 | Vaults:4 | Got a warped wooden ring
 59885 | Vaults:4 | Identified the ring of Zin's Regard {Ice rN+ Stlth+} (You
                  | found it on level 4 of the Vaults)
 61844 | Vaults:4 | Received a gift from Okawaru
 62012 | Vaults:4 | Found a gateway to a bazaar.
 62021 | Bazaar   | Entered a bazaar
 62022 | Bazaar   | Found Zetecsis's Jewellery Boutique.
 62022 | Bazaar   | Found Qaceygam's Jewellery Shop.
 62023 | Bazaar   | Found Rymig's Magic Scroll Emporium.
 62054 | Bazaar   | Found Ozauxtui's Weapon Emporium.
 62091 | Bazaar   | Bought the amulet "Fadiejyt" {Reflect Int+3 Dex+2 SH+3} for
                  | 597 gold pieces
 62107 | Bazaar   | Bought a scroll of brand weapon for 160 gold pieces
 62107 | Bazaar   | Bought a scroll of blinking for 60 gold pieces
 62140 | Bazaar   | Bought the ring of Nyjobuhi {rF- rC+ Str+3 Dex+7} for 828
                  | gold pieces
 62282 | Vaults:5 | Entered Level 5 of the Vaults
 62373 | Vaults:4 | Reached XP level 22. HP: 175/211 MP: 25/25
 62658 | Vaults:5 | Received a gift from Okawaru
 63124 | Vaults:5 | Got a crude emerald amulet
 63153 | Vaults:5 | Identified the amulet "Fainagoti" {Reflect -Tele rN+ Dex+6
                  | SH+3 Stlth+} (You found it on level 5 of the Vaults)
 64334 | Vaults:5 | Got a silver rune of Zot
 64426 | Vaults:5 | Identified the +9 great sword of Evil {slice, rPois rF+
                  | Str+3 Int-4}
 64476 | Vaults:5 | Received a gift from Okawaru
 64510 | Vaults:5 | Got a warped wooden ring
 64512 | Vaults:5 | Identified the ring of Siclepla {MP+9 Str+3} (You found it
                  | on level 5 of the Vaults)
 64854 | Vaults:5 | Identified the +6 scimitar of Makhleb's Supremacy {speed,
                  | Stlth+}
 64858 | Vaults:5 | Identified the +6 halberd of Distant Shores {flame, rF+
                  | Str+4}
 64880 | Vaults:5 | Noticed an ancient lich
 64897 | Vaults:5 | Killed an ancient lich
 64903 | Vaults:5 | Reached skill level 27 in Shields
 64910 | Vaults:5 | Received a gift from Okawaru
 65665 | Vaults:5 | Reached XP level 23. HP: 221/221 MP: 26/26
 65853 | Vaults:5 | Found Rekkimn's Gadget Shop.
 65900 | Vaults:5 | Identified the Papyrus of Congealing Good Luck
 67178 | Elf:3    | Bought a scroll of enchant weapon for 127 gold pieces
 68008 | Crypt:1  | Entered Level 1 of the Crypt
 68160 | Crypt:1  | You fall into a shaft and drop 1 floor!
 68315 | Crypt:2  | Received a gift from Okawaru
 68520 | Crypt:1  | Noticed Mennas
 68563 | Crypt:1  | Killed Mennas
 69589 | Crypt:3  | Entered Level 3 of the Crypt
 69639 | Crypt:3  | Noticed a curse toe
 69642 | Crypt:3  | Noticed a curse toe
 69668 | Crypt:3  | Received a gift from Okawaru
 69684 | Crypt:3  | Killed a curse toe
 69690 | Crypt:3  | Killed a curse toe
 69892 | Crypt:3  | Noticed an ancient lich
 70248 | Crypt:3  | Found a runed translucent gate.
 70248 | Crypt:3  | Found a runed translucent gate.
 70248 | Crypt:3  | Found a runed translucent gate.
 70250 | Crypt:3  | Found an ancient bone altar of Kikubaaqudgha.
 70251 | Crypt:3  | Noticed an ancient lich
 70252 | Crypt:3  | Noticed an ancient lich
 70252 | Crypt:3  | Noticed kalodont's ghost (veteran KoEn)
 70261 | Crypt:3  | Killed kalodont's ghost
 70272 | Crypt:3  | Killed an ancient lich
 70279 | Crypt:3  | Killed an ancient lich
 70297 | Crypt:3  | Got a pair of brightly glowing boots
 70308 | Crypt:3  | Identified the +0 pair of boots of the Exiled Dances
                  | {Slay+2} (You found it on level 3 of the Crypt)
 70321 | Crypt:3  | Got a brightly glowing zirconium amulet
 70322 | Crypt:3  | Identified the amulet "Rokhlaeb" {Spirit rN+} (You found it
                  | on level 3 of the Crypt)
 70527 | Crypt:3  | Found a staircase to the Tomb.
 70750 | Crypt:3  | Received a gift from Okawaru
 70750 | Crypt:3  | Reached XP level 24. HP: 198/235 MP: 26/26
 70782 | Crypt:3  | Killed an ancient lich
 70799 | Crypt:3  | Got a warped chain mail
 70800 | Crypt:3  | Identified the cursed +1 chain mail of Submission {*Drain
                  | rF+ rC+ MR++} (You found it on level 3 of the Crypt)
 70809 | Crypt:3  | Got a jewelled trident
 70810 | Crypt:3  | Identified the +8 trident of Akhlut {pierce, Int+4 Dex+3}
                  | (You found it on level 3 of the Crypt)
 72393 | Depths:1 | Entered Level 1 of the Depths
 72876 | Depths:1 | Received a gift from Okawaru
 73808 | Depths:1 | Found a runed translucent gate.
 73808 | Depths:1 | Found a runed translucent gate.
 73808 | Depths:1 | Found an ancient bone altar of Kikubaaqudgha.
 73808 | Depths:1 | Found a runed translucent gate.
 73808 | Depths:1 | Noticed Gyepyurr's ghost (veteran BaIE)
 73809 | Depths:1 | Noticed an ancient lich
 73809 | Depths:1 | Noticed an ancient lich
 73893 | Depths:1 | Noticed Sojobo
 73930 | Depths:1 | Killed Sojobo
 74076 | Depths:1 | Found a glowing golden altar of the Shining One.
 74217 | Depths:1 | Found a gateway to Hell.
 74303 | Depths:1 | Paralysed by a lich for 7 turns
 74314 | Depths:1 | Killed an ancient lich
 74329 | Depths:1 | Killed an ancient lich
 74339 | Depths:1 | Killed Gyepyurr's ghost
 74349 | Depths:1 | Got a translucent copper ring
 74351 | Depths:1 | Identified the ring "Lagauj" {rCorr Dex+3 SInv} (You found
                  | it on level 1 of the Depths)
 74361 | Depths:1 | Got a pair of faintly humming gloves
 74367 | Depths:1 | Identified the +0 pair of gloves of the Sparrow {rPois
                  | Str-3 SInv} (You found it on level 1 of the Depths)
 74803 | Slime:1  | Entered Level 1 of the Pits of Slime
 74816 | Slime:1  | Reached skill level 1 in Staves
 75477 | Slime:3  | You fall into a shaft and drop 1 floor!
 75733 | Slime:5  | Entered Level 5 of the Pits of Slime
 75754 | Slime:5  | Reached skill level 5 in Staves
 75808 | Slime:5  | Received a gift from Okawaru
 75826 | Slime:4  | Gained mutation: You are weak. (Str -2) [a shining eye]
 77062 | Slime:5  | Noticed the Royal Jelly
 77227 | Slime:5  | Killed the Royal Jelly
 77227 | Slime:5  | Reached XP level 25. HP: 103/243 MP: 21/27
 77836 | Slime:5  | Got a slimy rune of Zot
 79050 | Depths:2 | Found a one-way gate to the infinite horrors of the Abyss.
 79899 | Depths:2 | Noticed a juggernaut
 79913 | Depths:2 | Killed a juggernaut
 79932 | Depths:2 | Received a gift from Okawaru
 79942 | Depths:2 | Paralysed by a floating eye for 2 turns
 79954 | Depths:2 | Got a shimmering cloak {god gift}
 79955 | Depths:2 | Identified the -5 cloak of Jeissaem {MP+9 Str+6} (Okawaru
                  | gifted it to you on level 2 of the Depths)
 80112 | Depths:2 | Found the +3 pair of gauntlets of War {Slay+5}
 80252 | Depths:2 | Found a runed translucent gate.
 80253 | Depths:2 | Identified the amulet of Teja {Faith +Inv Int+6 Dex-4}
 80254 | Depths:2 | Found a runed translucent gate.
 80254 | Depths:2 | Noticed Yloe's ghost (veteran BaIE)
 80255 | Depths:2 | Found a runed translucent gate.
 80258 | Depths:2 | Identified a ring of the Octopus King {AC+1 EV+1 Str+1
                  | Int+1 Dex+1 SInv}
 80329 | Depths:2 | Killed Yloe's ghost
 80510 | Depths:3 | Found a one-way gate leading to the halls of Pandemonium.
 80547 | Depths:3 | Found a gateway to a ziggurat.
 80580 | Depths:3 | Found a flickering gateway to a bazaar.
 80589 | Bazaar   | Entered a bazaar
 80589 | Bazaar   | Found Meefrog's General Store.
 80589 | Bazaar   | Found Zuzom's Antique Armour Shop.
 80629 | Bazaar   | Found Zohiuxib's Antique Weapon Shop.
 80651 | Bazaar   | Bought a scroll of blinking for 90 gold pieces
 80663 | Bazaar   | Bought a spiked plate armour for 672 gold pieces
 80663 | Bazaar   | Bought a pair of slimy gloves for 228 gold pieces
 80665 | Bazaar   | Identified the +4 plate armour "Dayssiog" {rN+ rCorr Dex-4}
                  | (You bought it in a shop in a bazaar)
 80666 | Bazaar   | Identified the +0 pair of gloves of Satisfaction {-Cast
                  | rCorr Str+4 Stlth+} (You bought it in a shop in a bazaar)
 81104 | Depths:3 | Got a crystal hand axe
 81105 | Depths:3 | Identified the cursed +1 hand axe of Modesty {venom, *Slow
                  | Str+7 Int-2} (You found it on level 3 of the Depths)
 81195 | Depths:3 | Noticed Rupert
 81197 | Depths:3 | Noticed Agnes
 81205 | Depths:3 | Killed Rupert
 81213 | Depths:3 | Killed Agnes
 81407 | Depths:3 | Found a runed translucent door.
 81409 | Depths:3 | Found a runed translucent door.
 81627 | Depths:3 | Reached XP level 26. HP: 228/256 MP: 27/27
 81637 | Depths:3 | Found a runed translucent door.
 81638 | Depths:3 | Found the ring of the Mage {Wiz MR++ Int+3}
 81666 | Depths:3 | Found a runed translucent door.
 81708 | Depths:3 | Identified the Handbook of Floating Orientation
 81719 | Depths:3 | Got a jewelled chain mail
 81720 | Depths:3 | Identified the +6 chain mail of Unambiguity {rElec rF+}
                  | (You found it on level 3 of the Depths)
 81910 | Depths:4 | Found a corrupted altar of Lugonu.
 82407 | Depths:4 | Received a gift from Okawaru
 82411 | Depths:4 | Got a polished long sword {god gift}
 82412 | Depths:4 | Identified the +8 long sword of Afrairghe {venom, MR+}
                  | (Okawaru gifted it to you on level 4 of the Depths)
 82657 | Depths:4 | Noticed a juggernaut
 82667 | Depths:4 | Killed a juggernaut
 82678 | Depths:4 | Noticed an ancient lich
 83421 | Depths:4 | Killed an ancient lich
 83653 | Depths:4 | Received a gift from Okawaru
 83662 | Depths:4 | Found the +5 robe of Night {Dark MR+ SInv}
 83665 | Depths:4 | Got a dazzling plate armour {god gift}
 83812 | Depths:4 | Identified the +0 plate armour "Zyinn" {rF++ Int-4 Dex+3}
                  | (Okawaru gifted it to you on level 4 of the Depths)
 84148 | Depths:5 | Entered Level 5 of the Depths
 84377 | Depths:5 | Found a gate to the Realm of Zot.
 84407 | Depths:5 | Noticed Boris
 84446 | Depths:5 | Killed Boris
 84910 | Depths:5 | Noticed Xtahua
 84918 | Depths:5 | Killed Xtahua
 84995 | Depths:5 | Noticed Frederick
 85015 | Depths:5 | Killed Frederick
 85255 | Depths:5 | Got an ichor-stained buckler
 85256 | Depths:5 | Identified the +1 buckler of Valiance {MR+} (You found it
                  | on level 5 of the Depths)
 85306 | Depths:5 | Reached skill level 27 in Fighting
 85370 | Depths:5 | Identified the +6 shortbow of Kimpao {velocity, rC- Str+2
                  | Dex+2}
 85422 | Depths:5 | Reached XP level 27. HP: 271/273 MP: 27/27
 85914 | Depths:5 | Received a gift from Okawaru
 85974 | Depths:5 | Reached skill level 27 in Long Blades
 86934 | Hell     | Entered the Vestibule of Hell
 86934 | Hell     | Noticed Geryon
 86951 | Hell     | Killed Geryon
 87801 | Hell     | Noticed Murray
 87927 | Hell     | Killed Murray
 88199 | Hell     | Found a gateway to the freezing wastes of Cocytus.
 88266 | Hell     | Received a gift from Okawaru
 88316 | Hell     | Found a gateway to the decaying netherworld of Tartarus.
 88530 | Hell     | Found a gateway to the Iron City of Dis.
 88597 | Hell     | Found a gateway to the ashen valley of Gehenna.
 88866 | Zot:1    | Entered Level 1 of the Realm of Zot
 90179 | Zot:1    | Got a shimmering war axe
 90180 | Zot:1    | Identified the +9 war axe of the Absolute Madman {chop,
                  | *Rage rC+ Str+4} (You found it on level 1 of the Realm of
                  | Zot)
 90677 | Zot:1    | Reached skill level 27 in Armour
 90682 | Zot:1    | Received a gift from Okawaru
 92446 | Zot:1    | Reached skill level 10 in Invocations
 92879 | Zot:2    | Noticed an orb of fire
 92905 | Zot:2    | Gained mutation: You are very weak. (Str -4) [an orb of
                  | fire]
 92909 | Zot:2    | Killed an orb of fire
 95179 | Zig:1    | Entered Level 1 of a ziggurat
 95179 | Zig:1    | Noticed Ceukk the pandemonium lord
 95195 | Zig:1    | Killed Ceukk the pandemonium lord
 95209 | Zig:2    | Entered Level 2 of a ziggurat
 95419 | Zig:3    | Entered Level 3 of a ziggurat
 95443 | Zig:3    | Identified the Catalogue of the Entrancing Glacier
 95445 | Zig:3    | Identified the Handbook of Flames and Feathers
 95512 | Zig:4    | Entered Level 4 of a ziggurat
 95551 | Zig:4    | Got an ancient platinum ring
 95553 | Zig:4    | Identified the cursed ring of Fupsei {AC-2 Str+3 Dex+4}
                  | (You found it on level 4 of a ziggurat)
 95566 | Zig:4    | Got a crude falchion
 95574 | Zig:4    | Identified the +2 falchion of Anor {venom, rN+ Str+6 Int+5}
                  | (You found it on level 4 of a ziggurat)
 95612 | Zig:5    | Entered Level 5 of a ziggurat
 95622 | Zig:5    | Found the +8 glaive of the Guard {elec, +Rage AC+5 SInv}
 95724 | Zig:5    | Identified the Catalogue of Malediction and the Traveller
 95780 | Zig:6    | Entered Level 6 of a ziggurat
 95805 | Zig:6    | Reached skill level 5 in Stealth
 95855 | Zig:6    | Reached skill level 1 in Throwing
 95855 | Zig:6    | Reached skill level 1 in Unarmed Combat
 95855 | Zig:6    | Reached skill level 1 in Spellcasting
 95878 | Zig:7    | Entered Level 7 of a ziggurat
 95932 | Zig:7    | Received a gift from Okawaru
 96102 | Zig:7    | Identified the Compendium of the Torrid Mountains
 96108 | Zig:7    | Identified the Grimoire of Battle Magic
 96117 | Zig:7    | Got a brightly glowing plate armour
 96130 | Zig:7    | Identified the cursed +1 plate armour of Daisies {rN+} (You
                  | found it on level 7 of a ziggurat)
 96151 | Zig:7    | Got a steaming demon blade
 96152 | Zig:7    | Identified the cursed +0 demon blade of Dithmenos's Pride
                  | {drain, +Rage rF+++ Str-4 Dex-2} (You found it on level 7
                  | of a ziggurat)
 96161 | Zig:8    | Entered Level 8 of a ziggurat
 96530 | Zig:9    | Entered Level 9 of a ziggurat
 96585 | Zig:9    | Reached skill level 15 in Invocations
 96645 | Zig:9    | Identified the Handbook of Hurtful Ignition
 96727 | Zig:10   | Entered Level 10 of a ziggurat
 96798 | Zig:10   | Received a gift from Okawaru
 96850 | Zig:10   | Got an ichor-stained quarterstaff
 96851 | Zig:10   | Identified the +0 quarterstaff of Honour {freeze, +Rage
                  | Dex+7} (You found it on level 10 of a ziggurat)
 97185 | Zig:11   | Entered Level 11 of a ziggurat
 97251 | Zig:11   | Received a gift from Okawaru
 97325 | Zig:11   | Identified the Handbook of Creative Shape Shifting
 97379 | Zig:12   | Entered Level 12 of a ziggurat
 97781 | Zig:13   | Entered Level 13 of a ziggurat
 97965 | Zig:13   | Got a translucent executioner's axe
 97966 | Zig:13   | Identified the +4 executioner's axe of Death's Door {holy,
                  | rPois Str+4 Int-2} (You found it on level 13 of a ziggurat)
 97973 | Zig:13   | Got a vibrating steel ring
 97974 | Zig:13   | Identified the ring of Xom's Full Attention {MP+9 Str+3}
                  | (You found it on level 13 of a ziggurat)
 97992 | Zig:13   | Got a transparent great sword
 98137 | Zig:14   | Entered Level 14 of a ziggurat
 98164 | Zig:14   | Noticed Orass the pandemonium lord
 98169 | Zig:14   | Noticed Ejannuv the pandemonium lord
 98183 | Zig:14   | Noticed Juahaag the pandemonium lord
 98192 | Zig:14   | Killed Orass the pandemonium lord
 98220 | Zig:14   | Killed Juahaag the pandemonium lord
 98233 | Zig:14   | Killed Ejannuv the pandemonium lord
 98247 | Zig:14   | Reached skill level 5 in Evocations
 98268 | Zig:14   | Received a gift from Okawaru
 98573 | Zig:14   | Identified Sif Muna's Grimoire of Moulding
 98577 | Zig:14   | Got a pitted falchion
 98578 | Zig:14   | Identified the cursed +1 falchion "Ipnyevet" {flame, rN+
                  | Stlth+} (You found it on level 14 of a ziggurat)
 98595 | Zig:14   | Got an ancient long sword
 98603 | Zig:14   | Identified the +1 long sword "Lutomenn" {slice, rPois MR+}
                  | (You found it on level 14 of a ziggurat)
 98616 | Zig:14   | Identified a +0 pair of boots of running (You found it on
                  | level 14 of a ziggurat)
 98895 | Zig:15   | Entered Level 15 of a ziggurat
 98905 | Zig:15   | Noticed Mosouwo the pandemonium lord
 98905 | Zig:15   | Noticed Ishaffer the pandemonium lord
 98929 | Zig:15   | Killed Mosouwo the pandemonium lord
 98956 | Zig:15   | Noticed Huudato the pandemonium lord
 98961 | Zig:15   | Noticed Akkemong the pandemonium lord
 98961 | Zig:15   | Noticed Vetoh the pandemonium lord
 98962 | Zig:15   | Noticed Foumeafe the pandemonium lord
 98968 | Zig:15   | Killed Huudato the pandemonium lord
 98991 | Zig:15   | Got a brightly glowing sapphire amulet
 98993 | Zig:15   | Got a warped silver ring
 99003 | Zig:15   | Identified Qakoimac's Collected Works on Envenoming and the
                  | Rocks
 99014 | Zig:16   | Entered Level 16 of a ziggurat
 99102 | Zig:16   | Identified the amulet of Circularity {Gourm *Corrode rF-
                  | Int+10 SInv} (You found it on level 15 of a ziggurat)
 99103 | Zig:16   | Identified the ring "Uphoyth" {Ice rElec Int+2} (You found
                  | it on level 15 of a ziggurat)
 99158 | Zig:16   | Noticed Gousoum the pandemonium lord
 99164 | Zig:16   | Killed from afar by Gousoum the pandemonium lord

Levels and vault maps discovered:
D:1:      dpeg_arrival_castle, layout_loops_corners
D:2:      layout_loops_corners, uniq_terence, uniq_jessica
D:3:      layout_basic, gammafunk_ghost_nasty_kobolds, supply_closet_lemuel,
          uniq_robin, uniq_sigmund
D:4:      layout_gridville, minmay_temple_entry_arrows,
          lightli_sewer_entry_pipes, first_ration, serial_shops,
          nicolae_shop_trees
D:5:      layout_loops_corners, serial_shops, shop_statue
D:6:      layout_loops_ring, lemuel_flamethrower_2, uniq_crazy_yiuf_cottage,
          uniq_eustachio
D:7:      layout_loops_ring, grunt_livestock
D:8:      layout_basic, old_standard_altar, serial_shops, shop,
          lemuel_tele_altar
D:9:      layout_loops_ring, enter_bailey_2
D:10:     layout_grid_maze
D:11:     minmay_the_grid_four_pointed_star
          [minmay_the_grid_triangle_9x9_semitri,
          minmay_the_grid_triangle_9x9_dagger,
          minmay_the_grid_triangle_9x9_stretched_checkered,
          minmay_the_grid_triangle_9x9_steps,
          minmay_the_grid_prize_diamond_cup], layout_cave_pools, uniq_gastronok
D:12:     layout_basic, erik_orc_2, david_defended_altar_orc
D:13:     layout_grid_maze
D:14:     layout_rooms, grunt_vaults_entry_tiered,
          portal_ice_cave_entry_pillars_1, chequers_arboretum
D:15:     grunt_enter_depths_snipers, layout_small_grid, serial_shops, shop,
          fedhas_altar_3
Temple:   minmay_crystal_snake_temple
Lair:1:   beast_lair_carwin_large_2, layout_concentric_octagons, basic_altar
Lair:2:   cheibrodos_lair_river_kwai, layout_loops_ring,
          minmay_snake_entry_spellcaster, special_room [special_room_bee],
          uniq_sonja
Lair:3:   layout_misc_corridors, minmay_shoals_entry_hut
Lair:4:   wander_river, layout_misc_corridors
Lair:5:   layout_regular_city, serial_bayou_shore_a, minmay_lair_oklob_chamber
Lair:6:   minmay_lair_end_frog_pond, layout_regular_city,
          dpeg_slime_entry_enclosed_altar, lemuel_fruit_fields
Shoals:1: layout_shoals, serial_shops, shop
Shoals:2: layout_shoals, nicolae_shoals_circle_sea_wall, st_cyclops
Shoals:3: layout_shoals, uniq_ilsuiw, uniq_mara
Shoals:4: shoals_end_simple, layout_shoals, serial_shops,
          nicolae_shop_waterfront, nicolae_shoals_kraken_intersection,
          uniq_bai_suzhen, uniq_kirke
Snake:1:  layout_rooms
Snake:2:  layout_basic
Snake:3:  layout_honeycomb, drop_trap, st_stairs_8
Snake:4:  grunt_snake_rune_serpentine_throne, layout_basic, grunt_ministairs_4,
          nicolae_snake_shapes, uniq_aizul, uniq_vashnia
Slime:1:  layout_caves, cheibrodos_slime_lost_civilization_4
Slime:2:  cheibrodos_slime_lost_civilization_2, layout_caves,
          nicolae_slime_phagocytosis
Slime:3:  cheibrodos_slime_lost_civilization_9, layout_caves
Slime:4:  layout_caves
Slime:5
Orc:1:    layout_diamond_mine
Orc:2:    st_orc_mages, layout_diamond_mine, guppyfry_orc_lava_fort, uniq_donald
Elf:1:    minmay_elf_arrival_plus, layout_geoelf_diagonals,
          hangedman_elf_disciples
Elf:2:    layout_geoelf_octagon, basic_altar
Elf:3:    minmay_elf_hall_hex, layout_geoelf_castle, serial_shops,
          nicolae_shop_trees
Vaults:1: vaults_room_stairs_pillars, ontoclasm_vaults_chip, v_misc_1,
          vaults_mumra_minichess, grunt_vaults_funnel, vaults_room_semicircle,
          layout_vaults_quadrants, serial_shops, shop
Vaults:2: minmay_crypt_entry_necro_gods, grunt_vaults_hallway_long,
          hangedman_vaults_hat, kb_rosetta, nicolae_vaults_bisected_slash,
          v_alt_pattern_2, v_misc_14, ontoclasm_vaults_pinch,
          vaults_standard_mumra_x, vaults_standard_mumra_lines,
          ontoclasm_vaults_idyll, ontoclasm_vaults_spin,
          nicolae_vaults_asterisk, v_misc_22, v_misc_27, layout_vaults_big_room
Vaults:3: nicolae_vaults_angled_halls, st_squares,
          nicolae_vaults_network_barrier, v_misc_1, v_pattern_2,
          nicolae_vaults_network_square, v_misc_17, nicolae_vaults_alarming,
          hangedman_vaults_stagger, nicolae_vaults_diagonal_hallway_8,
          nicolae_vaults_diagonal_hallway_9, ontoclasm_vaults_fault,
          layout_vaults_omnibox
Vaults:4: vaults_room_corners, nicolae_vaults_yaktaur_gun_rack,
          nicolae_vaults_twisting_passages, nicolae_vaults_triangles,
          nicolae_vaults_windows_and_doors_thing, ontoclasm_vaults_tryst,
          hangedman_vaults_stitches, vaults_dpeg_cross, vaults_room_semicircle,
          serial_ice_b, vaults_dpeg_hooks, layout_vaults_omnicross,
          serial_shops, bzr_firewalk
Vaults:5
Crypt:1:  layout_chaotic_city, library_closet, uniq_mennas
Crypt:2:  layout_chaotic_city, hex_tiny, minmay_misc_feat_pillars
Crypt:3:  david_glass_crypt, layout_chaotic_city, tomb_entry_forgotten_bobbens,
          gammafunk_ghost_crypt
Depths:1: layout_cave_pools, gammafunk_ghost_crypt, pf_dread_powers_of_hell,
          kennysheep_another_room, nrook_mini_vaults, tso_altar, uniq_sojobo
Depths:2: minmay_stepped, layout_cave_shapes, abyss_entry, minmay_holes,
          pf_hell_entry_tar_spiral, gammafunk_ghost_split, grunt_megastairs_2,
          infiniplex_staircase_pool_2
Depths:3: impenetrable_vault, layout_cross, enter_ziggurat_e, serial_shops,
          freezing_bzr, pan_entry, hellmouth_1, sword_in_stone,
          infiniplex_staircase_pool_1
Depths:4: minmay_tile_spiral, layout_cave_pools, abyss_entry_flame_altar,
          hell_entry, chequers_big_river
Depths:5: hangedman_pleasuredromes, hell_entry, uniq_boris, uniq_frederick,
          uniq_xtahua
Hell
Zot:1:    minmay_elemental_castle, layout_onion_interference,
          st_single_dragon_hoard_2
Zot:2:    lemuel_draconian_sentries_small, layout_cathedral_of_symmetry
Zig:16

Skill      XL: |  1  2  3  4  5  6  7  8  9 10 11 12 13 14 15 16 17 18 19 20 21 22 23 24 25 26 27 |
---------------+----------------------------------------------------------------------------------+-----
Shields        | 4 5 6 8 9 11 12 14 15 16 18 19 21 22 23 24 25 27 | 27.0
Armour         | 4 5 6 8 9 10 11 13 14 15 16 17 18 19 20 21 22 23 27 | 27.0
Long Blades    | 3 4 5 6 8 10 11 13 14 16 17 18 19 20 21 22 23 24 25 26 27 | 27.0
Fighting       | 4 5 6 7 8 9 10 11 13 14 15 16 17 18 19 20 21 23 24 25 27 | 27.0
Dodging        | 1 2 4 5 6 7 8 |  8.4
Stealth        | 1 2 3 4 6 |  6.7
Invocations    | 1 2 3 4 5 6 7 19 | 19.1
Evocations     | 1 2 5 |  5.4
Axes           | 2 |  2.9
Staves         | 9 |  9.7
Throwing       | 2 |  2.4
Unarmed Combat | 2 |  2.6
Spellcasting   | 1 |  1.5

Action                   |  1- 3 |  4- 6 |  7- 9 | 10-12 | 13-15 | 16-18 | 19-21 | 22-24 | 25-27 || total
-------------------------+-------+-------+-------+-------+-------+-------+-------+-------+-------++-------
Melee: Long sword        |    83 |   180 |   346 |       |       |       |       |       |       ||   609
       Headbutt          |    13 |    29 |   122 |   317 |   570 |   439 |   626 |   598 |  1221 ||  3935
       Falchion          |       |       |   198 |   998 |   535 |       |       |       |       ||  1731
       War axe           |       |       |       |    28 |     4 |       |       |       |       ||    32
       Double sword      |       |       |       |       |  1146 |   882 |       |   420 |       ||  2448
       Scimitar          |       |       |       |       |   120 |   481 |  1540 |   747 |  2737 ||  5625
       Demon blade       |       |       |       |       |       |       |       |     8 |       ||     8
       Lajatang          |       |       |       |       |       |       |       |   296 |    71 ||   367
       Punch             |       |       |       |       |       |       |       |     2 |       ||     2
Invok: Heroism           |       |       |     3 |    16 |    19 |    15 |     5 |    11 |    35 ||   104
       Finesse           |       |       |       |     1 |     2 |     6 |     1 |     4 |    14 ||    28
Evoke: Wand              |       |       |       |    13 |     6 |       |     6 |     2 |       ||    27
       Fan of gales      |       |       |       |       |       |       |       |       |     1 ||     1
       Box of beasts     |       |       |       |       |       |       |       |       |     1 ||     1
       Phial of floods   |       |       |       |       |       |       |       |       |     1 ||     1
  Use: Scroll            |     1 |       |       |    16 |    16 |     3 |     5 |    23 |    52 ||   116
       Potion            |       |       |     2 |     4 |     1 |     3 |     2 |     1 |    19 ||    32
 Stab: Sleeping          |       |       |       |       |       |       |     4 |       |       ||     4
       Distracted        |       |       |       |       |       |       |     1 |       |     1 ||     2
       Petrifying        |       |       |       |       |       |       |       |       |     1 ||     1
  Eat: Chunk             |     1 |     6 |    17 |    35 |    77 |    70 |    48 |    27 |   261 ||   542
       Ration            |       |       |     1 |       |       |       |       |     8 |     7 ||    16
Armor: Scale mail        |    42 |     8 |       |       |       |       |       |       |       ||    50
       Chain mail        |       |    72 |   216 |   258 |   386 |       |       |       |       ||   932
       Crystal plate arm |       |       |       |       |   311 |   655 |   591 |   735 |  1648 ||  3940
       Quicksilver drago |       |       |       |       |       |       |   107 |       |       ||   107
Dodge: Dodged            |    28 |    44 |    95 |   286 |   502 |   306 |   513 |   524 |  1199 ||  3497
Block: Shield            |    57 |   104 |   250 |   632 |  1376 |  1167 |  1635 |   600 |       ||  5821
       Reflection        |       |       |       |       |    71 |   140 |   181 |    49 |   101 ||   542
       Large shield      |       |       |       |       |       |       |       |   781 |  4594 ||  5375
       Other             |       |       |       |       |       |       |       |    36 |    26 ||    62
       Rpst.: Long sword |     9 |    12 |    14 |       |       |       |       |       |       ||    35
       Falchion          |       |       |    12 |    46 |    30 |       |       |       |       ||    88
       Double sword      |       |       |       |       |    69 |    34 |       |    11 |       ||   114
       Scimitar          |       |       |       |       |     8 |    22 |   115 |    50 |   136 ||   331
       Demon blade       |       |       |       |       |       |       |       |     1 |       ||     1
